 Dungeon Crawl Stone Soup version 0.30-a0-1114-gd936c97349 (webtiles) character file.

Game seed: 14380815303111303237

1078 Jeffwins the Digger (level 8, -7/60 HPs)
             Began as a Human Wanderer on Apr 20, 2023.
             Was an Initiate of Vehumet.
             Mangled by Pikel
             ... wielding a +1 whip of flaming
              (10 damage)
             ... on level 5 of the Dungeon.
             The game lasted 00:08:31 (5556 turns).

Jeffwins the Digger (Human Wanderer)                Turns: 5556, Time: 00:08:31

Health: -7/60      AC:  6    Str: 10 (12) XL:     8   Next: 54%
Magic:  9/15       EV: 11    Int: 16      God:    Vehumet [......]
Gold:   269        SH:  0    Dex: 11 (12) Spells: 16/17 levels left

rFire   . . .      SeeInvis .    p - +2 dagger (venom)
rCold   . . .      Faith    .    (no shield)
rNeg    + . .      Spirit   .    r - +2 robe {rN+}
rPois   .          Reflect  .    s - +0 helmet
rElec   .          Rampage  .    j - scarf {shadows}
rCorr   .                        i - +0 pair of gloves
Will    .....                    (no boots)
Stlth   +                        (no amulet)
HPRegen 0.30/turn                L - ring of flight
MPRegen 0.14/turn                (no ring)

@: flying
A: no striking features
a: Renounce Religion


You were on level 5 of the Dungeon.
You worshipped Vehumet.
Vehumet was noncommittal.
You visited 2 branches of the dungeon, and saw 6 of its levels.

You collected 269 gold pieces.


   Skills:
 + Level 3.8 Fighting
 + Level 3.4 Throwing
 * Level 5.3 Spellcasting
 - Level 3.0 Necromancy
 * Level 6.3 Earth Magic
 - Level 1.0 Invocations
 + Level 0.1 Evocations


You had 16 spell levels left.
You knew the following spells:

 Your Spells              Type           Power      Damage    Failure   Level
z - Sandblast             Erth           48%        2d12      1%          1

Your spell library contained the following spells:

 Spells                   Type           Power      Damage    Failure   Level
 Sublimation of Blood     Necr           13%        N/A       6%          2
 Shock                    Conj/Air       16%        1d4       16%         1
 Cigotuvi's Dreadful Rot  Necr/Pois/Air  14%        N/A       16%         2
 Leda's Liquefaction      Hex/Erth       7%         N/A       38%         4
 Petrify                  Tmut/Erth      14%        N/A       38%         4
 Swiftness                Air            4%         N/A       41%         3
 Airstrike                Air            2%         2d(1-17)  83%         4

Inventory:

Hand Weapons
 a - a +0 sling
 p - a +2 dagger of venom (weapon)
 q - a +3 quarterstaff of chaos
 t - a +0 short sword of electrocution
 w - a +1 halberd of flaming
Missiles
 m - 7 poisoned darts
 C - a throwing net {=f}
Armour
 b - a +0 cloak
 i - a +0 pair of gloves (worn)
 j - a scarf of shadows (worn)
 r - a +2 robe of positive energy (worn)
 s - a +0 helmet (worn)
Jewellery
 L - a ring of flight (left hand)
Wands
 D - a wand of roots (20)
Scrolls
 c - a scroll of enchant weapon {unknown}
 d - a scroll of vulnerability {!r}
 e - a scroll of noise {unknown}
 f - 8 scrolls of identify {unknown}
 h - 5 scrolls of teleportation {unknown}
 u - a scroll of poison {unknown}
 x - a scroll of enchant armour {unknown}
 y - a scroll of silence {unknown}
 B - 2 scrolls of amnesia {unknown}
Potions
 g - a potion of curing {unknown}
 k - 2 potions of ambrosia {unknown}
 l - 2 potions of flight {unknown}
 n - 2 potions of degeneration {!q}
 o - a potion of berserk rage {unknown}
 v - 2 potions of lignification {unknown}
 A - a potion of brilliance {unknown}

Dungeon Overview and Level Annotations

Branches:
Dungeon (5/15)             Temple (1/1) D:4

Altars:
Dithmenos
Elyvilon
Hepliaklqana
Nemelex Xobeh
Okawaru
Qazlal
Ru
Vehumet
Wu Jian
Xom
Yredelemnul
Zin
The Shining One

Annotations:
D:5 Pikel

#...........#
.....
#............#
.....
#............#
.....
#............#
.....
...........##
.....
#.........#
.....
###..##...#
##### #..#
#...##### #..
#@....... ..
#K.......
#........
#........
#........
.........
..........
.#!........
..##..#.....


You could see Pikel (very poisoned).


Message History

The grasping roots constrict Pikel.
Pikel hits you with a +1 whip of flaming.
* * * LOW HITPOINT WARNING * * *
Pikel burns you.
* * * LOW HITPOINT WARNING * * *
Unknown command.
The grasping roots constrict Pikel.
The roots release their grip on Pikel.
Casting: Sandblast (safe; 1% risk of failure)
Confirm with . or Enter, or press ? or * to list all spells.
Aiming: Sandblast (safe; 1% risk of failure)
Press: ? - help, Shift-Dir - straight line, f/p - Pikel
Aim: Pikel, wielding a +1 whip of flaming and wearing a +2 robe of cold resistance (almost dead, very poisoned, 79% to hit)
The blast of sand hits Pikel but does no damage.
Pikel is almost dead.
Pikel hits you with a +1 whip of flaming.
* * * LOW HITPOINT WARNING * * *
Pikel burns you.
* * * LOW HITPOINT WARNING * * *
Unknown command.
Unknown command.
Casting: Sandblast (safe; 1% risk of failure)
Confirm with . or Enter, or press ? or * to list all spells.
Aiming: Sandblast (safe; 1% risk of failure)
Press: ? - help, Shift-Dir - straight line, f/p - Pikel
Aim: Pikel, wielding a +1 whip of flaming and wearing a +2 robe of cold resistance (almost dead, very poisoned, 79% to hit)
The blast of sand hits Pikel but does no damage.
Pikel is almost dead.
Pikel barely misses you.
Pikel hits you with a +1 whip of flaming!
You die...

Skill      XL: |  1  2  3  4  5  6  7  8 |
---------------+-------------------------+-----
Spellcasting   | 3 4 5 |  5.3
Fighting       | 2 3 |  3.8
Earth Magic    | 4 5 6 |  6.3
Throwing       | 1 2 3 |  3.4
Necromancy     | |  3.0
Invocations    | |  1.0
Evocations     | |  0.1

Action                     |  1- 3 |  4- 6 |  7- 9 || total
---------------------------+-------+-------+-------++-------
  Melee: Club              |    11 |       |       ||    11
         Dagger            |     2 |   153 |   100 ||   255
         Punch             |       |       |     2 ||     2
   Fire: Sling             |    11 |       |       ||    11
   Cast: Sandblast         |    36 |    32 |    81 ||   149
  Evoke: Wand              |       |       |     2 ||     2
    Use: Scroll            |     1 |       |       ||     1
         Potion            |       |       |     2 ||     2
   Stab: Sleeping          |       |     1 |       ||     1
 Armour: Robe              |     6 |    57 |    35 ||    98
  Dodge: Dodged            |    31 |    87 |    82 ||   200

Levels and vault maps discovered:
D:1:      matt_arrival_spirals, layout_rooms, minmay_tromino_i4
D:2:      minmay_inner_zag, layout_basic, uniq_robin, uniq_crazy_yiuf_cottage,
          uniq_jessica
D:3:      layout_loops_ring, hellmonk_ecumenical_altar_prayer_group, st_stairs_8
D:4:      layout_loops_corners, minmay_temple_entry_nine_rooms,
          guppyfry_early_orc_mine
D:5:      layout_cave_pods, uniq_pikel, uniq_duvessa
Temple:   nicolae_temple_figure_eight

Notes
Turn   | Place    | Note
-------+----------+-------------------------------------------
     0 | D:1      | Jeffwins the Human Wanderer began the quest for the Orb.
     0 | D:1      | Jeffwins set off with the following items: a +0 club, a
                  | scroll of fear, a +0 robe, a scroll of vulnerability {!r};
                  | and the following spell memorised: Sandblast; and the
                  | following spells available to memorise: Sublimation of
                  | Blood, Cigotuvi's Dreadful Rot, Leda's Liquefaction,
                  | Petrify.
     0 | D:1      | Reached XP level 1. HP: 15/15 MP: 3/3
   107 | D:1      | Reached XP level 2. HP: 21/21 MP: 1/5
   589 | D:1      | Reached XP level 3. HP: 19/26 MP: 3/6
  1180 | D:2      | Found a runed translucent door.
  1181 | D:2      | Noticed Crazy Yiuf
  1191 | D:2      | Killed Crazy Yiuf
  1192 | D:2      | Reached XP level 4. HP: 5/33 MP: 5/8
  1406 | D:2      | Noticed Jessica
  1416 | D:2      | Killed Jessica
  1417 | D:2      | Reached skill level 3 in Spellcasting
  1519 | D:2      | Reached skill level 2 in Fighting
  1519 | D:2      | Reached skill level 4 in Earth Magic
  1519 | D:2      | Reached XP level 5. HP: 34/38 MP: 9/9
  1598 | D:2      | Reached skill level 1 in Throwing
  1755 | D:2      | Noticed Robin
  1761 | D:2      | Killed Robin
  2101 | D:3      | Reached XP level 6. HP: 26/44 MP: 7/11
  2239 | D:3      | Noticed an ogre
  2248 | D:3      | Killed an ogre
  2613 | D:3      | Found a faded altar of an unknown god.
  2853 | D:4      | Reached skill level 2 in Throwing
  2859 | D:4      | Reached skill level 4 in Spellcasting
  2859 | D:4      | Reached skill level 5 in Earth Magic
  2859 | D:4      | Reached XP level 7. HP: 40/51 MP: 2/13
  3124 | D:4      | HP: 4/51 [orc warrior/+0 long sword (14)]
  3127 | D:4      | Reached skill level 3 in Fighting
  4012 | D:4      | Reached XP level 8. HP: 57/58 MP: 13/15
  4220 | D:4      | Found a staircase to the Ecumenical Temple.
  4498 | Temple   | Entered the Ecumenical Temple
  4713 | Temple   | Became a worshipper of Vehumet
  4761 | D:5      | Entered Level 5 of the Dungeon
  4795 | D:5      | Reached skill level 3 in Throwing
  4923 | D:5      | Noticed Duvessa
  4927 | D:5      | Noticed Dowan
  4937 | D:5      | Killed Duvessa
  4938 | D:5      | Reached skill level 5 in Spellcasting
  4938 | D:5      | Reached skill level 6 in Earth Magic
  4945 | D:5      | Killed Dowan
  5236 | D:5      | Noticed Pikel
  5553 | D:5      | HP: 5/60 [Pikel/+1 whip of flaming (2)]
  5555 | D:5      | HP: 2/60 [Pikel/+1 whip of flaming (1)]
  5556 | D:5      | Mangled by Pikel

Vanquished Creatures
  Duvessa (D:5)
  A black bear (D:5)
  An orc warrior (D:4)
  An ogre (D:3)
  4 lemures (D:5)
  A scorpion (D:4)
  Dowan (D:5)
  2 hounds (D:4)
  A gnoll bouda (D:4)
  An orc priest (D:4)
  A jelly (D:5)
  Crazy Yiuf (D:2)
  Jessica (D:2)
  2 iguanas
  An orc wizard (D:4)
  Robin (D:2)
  7 gnolls
  11 adders
  A shadow imp (D:5)
  An ufetubus (D:4)
  3 worms
  2 dart slugs
  5 orcs
  10 endoplasms
  3 giant cockroaches (D:4)
  19 goblins
  15 hobgoblins
  7 jackals
  5 quokkas
  7 ball pythons
  4 bats
  3 frilled lizards
  8 kobolds
  5 rats
137 creatures vanquished.

Table legend: (Time is in decaauts)
 A = Elapsed time spent in this place.
 B = Non-inter-level travel time spent in this place.
 C = Inter-level travel time spent in this place.
 D = Time resting spent in this place.
 E = Time spent auto-exploring this place.
 F = Levels seen in this place.
 G = Mean time per level.
                   A        B        C        D        E       F      G
               +--------+--------+--------+--------+--------+-----+--------+
         Total |   5637 |   5389 |    248 |    568 |   3775 |   6 |  939.5 |
       Dungeon |   5412 |   5183 |    229 |    568 |   3573 |   5 | 1082.4 |
        Temple |    225 |    206 |     19 |      0 |    202 |   1 |  225.0 |
               +--------+--------+--------+--------+--------+-----+--------+

Top non-repeatable levels by time:
     D:4: 1643 daAuts
     D:2: 1175 daAuts
     D:1: 907 daAuts
     D:3: 867 daAuts
     D:5: 818 daAuts
  Temple: 225 daAuts

Table legend:
 A = Non-vault XP
 B = Vault XP
 C = Vault XP percentage of total XP
 D = Non-vault monster count
 E = Vault monster count
 F = Vault count percentage of total count
                 A         B        C        D         E       F
            +---------+---------+-------+---------+---------+-------
      Total |     975 |     565 |  36.7 |      97 |      36 |  27.1
            +---------+---------+-------+---------+---------+-------
        D:1 |      33 |       4 |  10.8 |      20 |       2 |   9.1
        D:2 |      67 |     123 |  64.7 |      15 |      21 |  58.3
        D:3 |     231 |       7 |   2.9 |      25 |       4 |  13.8
        D:4 |     394 |     220 |  35.8 |      31 |       7 |  18.4
        D:5 |     250 |     211 |  45.8 |       6 |       2 |  25.0
            +---------+---------+-------+---------+---------+-------
